 Dungeon Crawl Stone Soup version 0.17-a0-1976-g482a304 (webtiles) character file.

5016 Ordine the Grappler (level 10, -12/133 HPs)
             Began as a Troll Monk on Oct 5, 2015.
             Mangled by a blink frog (14 damage)
             ... on level 1 of the Lair of Beasts.
             The game lasted 00:38:49 (7446 turns).

Ordine the Grappler (Troll Monk)                    Turns: 7446, Time: 00:38:49

Health: -12/133    AC: 10    Str: 26    XL:     10   Next: 30%
Magic:  9/9        EV: 16    Int:  6    God:
Gold:   357        SH:  2    Dex: 15    Spells: 0 memorised, 9 levels left

rFire  . . .     SeeInvis .       - Unarmed
rCold  . . .     Clarity  .     a - +0 robe
rNeg   . . .     SustAt   .     (no shield)
rPois  .         Gourm    +     (helmet restricted)
rElec  .         Spirit   .     y - +2 cloak
rCorr  .         Warding  .     (gloves unavailable)
rMut   .         Stasis   .     (boots unavailable)
MR     +....                    m - amulet of rage
Stlth  ..........               i - ring of protection from magic
                                D - +2 ring of evasion

@: berserking, lethally poisoned (-12 -> -13), very quick, somewhat resistant to
hostile enchantments, extremely unstealthy
A: unfitting armour, claws 3, talons 1, large bone plates 1, fast metabolism 3,
gourmand, regeneration 2, shaggy fur 1, tough skin 2, MP-powered wands
a: Evoke Berserk Rage


You were on level 1 of the Lair of Beasts.
You were very full.

You visited 3 branches of the dungeon, and saw 10 of its levels.
You also visited: Ossuary.

You collected 357 gold pieces.

Inventory:

Hand Weapons
 q - the +3 mace of Ahegost {pain, Dex+3}
   (You found it on level 5 of the Dungeon)

   In the hands of one skilled in necromantic magic, it inflicts extra damage on
   living creatures.
   It affects your dexterity (+3).
 t - a +0 giant spiked club
Armour
 a - a +0 robe (worn)
 e - a +0 large shield
 y - a +2 cloak (worn)
Jewellery
 f - an uncursed amulet of resist corrosion
 i - a ring of protection from magic (right claw)
 m - an amulet of rage (around neck)
 u - an uncursed amulet of resist mutation
 D - a +2 ring of evasion (left claw)
Wands
 E - a wand of fireball (11)
 F - a wand of enslavement (15)
 L - a wand of magic darts (26)
Scrolls
 j - 7 scrolls of remove curse
 o - 6 scrolls of teleportation
 w - 2 scrolls of magic mapping
 C - 2 scrolls of fear
Potions
 k - a potion of cancellation
 l - a potion of heal wounds
 n - 4 potions of lignification
 r - a potion of cure mutation
 s - 3 potions of flight
 v - a potion of brilliance
 z - a potion of agility
 A - a potion of berserk rage
 B - 2 potions of curing
 I - a potion of haste
 J - a potion of degeneration {unknown}
 K - a potion of ambrosia {unknown}
 M - 2 potions of poison {unknown}
Books
 p - a book of Clouds

   Spells                             Type                      Level
   a - Mephitic Cloud                 Conjuration/Poison/Air       3
   b - Conjure Flame                  Conjuration/Fire             3
   c - Poisonous Cloud                Conjuration/Poison/Air       6
   d - Freezing Cloud                 Conjuration/Ice/Air          6
   e - Ring of Flames                 Charms/Fire                  7
Comestibles
 b - 6 bread rations
 c - a royal jelly
 d - 4 meat rations
 g - 26 fruits
 h - 2 slices of pizza
 x - a beef jerky


   Skills:
 - Level 2.9 Fighting
 + Level 7.3 Dodging
 - Level 1.1 Stealth
 * Level 12.9 Unarmed Combat


You had 9 spell levels left.
You didn't know any spells.

Dungeon Overview and Level Annotations

Branches:
Dungeon (8/15)             Temple (1/1) D:5            Lair (1/8) D:8

Altars:
Ashenzari
Dithmenos
Elyvilon
Fedhas
Gozag
Kikubaaqudgha
Makhleb
Nemelex Xobeh
Okawaru
Qazlal
Ru
Sif Muna
Trog
Vehumet
Xom
Yredelemnul
Zin
The Shining One

Shops:
D:5 :

Annotations:
D:6 Eustachio


Innate Abilities, Weirdness & Mutations

You are too large for most types of armour.
You have claws for hands.
Your metabolism is lightning-fast.
You like to eat raw meat.
You heal very quickly.
You are covered in fur (AC +1).
You have very tough skin (AC +2).
You have sharp toenails.
You are partially covered in large bone plates (AC +2, SH +2).
You expend magic power (3 MP) to strengthen your wands.


Message History

You mangle the black mamba!!
You kill the black mamba!
You feel sick. The blink frog hits you!
* * * LOW HITPOINT WARNING * * *
The blink frog blinks!
The blink frog barely misses you.
You scratch the blink frog.
Your kick passes through the blink frog as it momentarily phases out.
The blink frog is lightly wounded.
You claw the blink frog!
The blink frog is moderately wounded.
You feel sick. The blink frog misses you.
You miss the blink frog. You claw the blink frog!
The blink frog is severely wounded.
The blink frog hits you!
* * * LOW HITPOINT WARNING * * *
The blink frog barely misses you.
You miss the blink frog. You claw the blink frog!
The blink frog is almost dead.
The blink frog hits you!
You die...

#..##...... .......
###..........
.......#####.#...#......
....................§...
........................
........................
........................
..............†..$......
.....FF@§..............
..._...F...............
.......................
.......................
.♣...♣.................
♣#..♣...........#..#..
♣.# ♣...........##....
♣♣ ♣............ #..


You could see 3 blink frogs.

Vanquished Creatures
  A black mamba (Lair:1)
  2 komodo dragons
  A blink frog (Lair:1)
  A hungry ghost (D:7)
  A wyvern (D:8)
  A mottled dragon (D:8)
  Edmund (D:4)
  Duvessa (D:6)
  A water moccasin (D:3)
  A black bear (D:6)
  2 ice beasts
  A phantom (D:6)
  3 ogres
  A crocodile (D:8)
  A big kobold (D:8)
  3 giant frogs
  Dowan (D:6)
  12 scorpions
  A quasit (D:6)
  3 crimson imps
  6 centaur zombies
  2 jellies (D:8)
  A giant frog zombie (D:7)
  2 human zombies (Ossuary)
  2 hounds
  Crazy Yiuf (D:5)
  A giant frog skeleton (D:7)
  3 orc priests
  5 iguanas
  A gnoll shaman (D:5)
  5 worker ants
  A centaur skeleton (D:6)
  4 orc wizards
  A killer bee zombie (D:8)
  4 big kobold zombies (Ossuary)
  3 mummies (Ossuary)
  2 hound zombies (D:8)
  2 scorpion zombies (Ossuary)
  10 adders
  12 gnolls
  A shadow imp (D:7)
  An adder skeleton (D:5)
  3 oozes
  2 worms
  7 giant geckos
  34 orcs
  A ball python (D:3)
  5 giant cockroaches
  A gnoll zombie (Ossuary)
  7 goblins
  4 hobgoblins
  8 jackals
  10 kobolds
  A quokka (D:6)
  14 bats
  A giant gecko skeleton (D:4)
  7 giant newts
  2 goblin zombies (Ossuary)
  2 hobgoblin zombies
  A kobold zombie (Ossuary)
  An orc zombie (Ossuary)
  3 quokka skeletons
  4 rats (D:2)
  A fungus (D:5)
228 creatures vanquished.

Notes
Turn   | Place    | Note
--------------------------------------------------------------
     0 | D:1      | Ordine the Troll Monk began the quest for the Orb.
     0 | D:1      | Reached XP level 1. HP: 22/22 MP: 0/0
   204 | D:1      | Reached XP level 2. HP: 22/29 MP: 1/1
   903 | D:2      | Found a glowing golden altar of the Shining One.
   972 | D:2      | Reached XP level 3. HP: 33/36 MP: 2/2
  1093 | D:2      | Reached skill level 5 in Unarmed Combat
  1506 | D:2      | Reached XP level 4. HP: 39/44 MP: 3/3
  2361 | D:3      | Reached skill level 6 in Unarmed Combat
  2472 | D:3      | Noticed a water moccasin
  2486 | D:3      | Killed a water moccasin
  2486 | D:3      | Reached XP level 5. HP: 15/50 MP: 4/4
  2498 | D:3      | HP: 2/50 [poisoned by a water moccasin]
  2796 | D:4      | Reached skill level 7 in Unarmed Combat
  2798 | D:4      | Reached XP level 6. HP: 37/59 MP: 5/5
  2938 | D:4      | Found a shadowy altar of Dithmenos.
  2963 | D:4      | Found a blossoming altar of Fedhas.
  3037 | D:4      | Noticed Edmund
  3046 | D:4      | Killed Edmund
  3302 | D:4      | Reached XP level 7. HP: 51/66 MP: 6/6
  3360 | D:5      | Entered Level 5 of the Dungeon
  3512 | D:5      | Reached skill level 8 in Unarmed Combat
  3560 | D:5      | Found Uwkados's Book Shoppe.
  3697 | D:5      | Gained mutation: You are partially covered in large bone plates (AC +2, SH +2). [potion of mutation]
  3697 | D:5      | Gained mutation: You expend magic power (3 MP) to strengthen your wands. [potion of mutation]
  3697 | D:5      | Gained mutation: You have sharp toenails. [potion of mutation]
  3886 | D:5      | Got a crystal mace
  3887 | D:5      | Identified the +3 mace of Ahegost {pain, Dex+3} (You found it on level 5 of the Dungeon)
  3901 | D:5      | Noticed Crazy Yiuf
  3912 | D:5      | Killed Crazy Yiuf
  4012 | D:5      | Found a staircase to the Ecumenical Temple.
  4021 | Temple   | Entered the Ecumenical Temple
  4597 | D:6      | Noticed Duvessa
  4597 | D:6      | Noticed Dowan
  4611 | D:6      | Killed Duvessa
  4615 | D:6      | Reached skill level 9 in Unarmed Combat
  4615 | D:6      | Reached XP level 8. HP: 51/74 MP: 7/7
  4620 | D:6      | Killed Dowan
  4929 | D:6      | Noticed Eustachio
  5010 | D:6      | Reached skill level 5 in Dodging
  5010 | D:6      | Reached skill level 10 in Unarmed Combat
  5276 | D:7      | Found a sand-covered staircase.
  5292 | Ossuary  | Entered an ossuary
  5446 | Ossuary  | Reached XP level 9. HP: 68/80 MP: 8/8
  5546 | Ossuary  | Reached skill level 11 in Unarmed Combat
  6067 | D:7      | Found a bloodstained altar of Trog.
  6070 | D:7      | Found an iron altar of Okawaru.
  6072 | D:7      | Found an ancient bone altar of Kikubaaqudgha.
  6568 | D:8      | Reached skill level 12 in Unarmed Combat
  6778 | D:8      | Found a shimmering altar of Xom.
  7150 | D:8      | Noticed a komodo dragon
  7162 | D:8      | Killed a komodo dragon
  7162 | D:8      | Reached XP level 10. HP: 60/89 MP: 9/9
  7240 | D:8      | Found a staircase to the Lair.
  7355 | Lair:1   | Entered Level 1 of the Lair of Beasts
  7431 | Lair:1   | Found a burning altar of Makhleb.
  7436 | Lair:1   | Noticed a black mamba
  7442 | Lair:1   | Killed a black mamba
  7445 | Lair:1   | HP: 2/133 [blink frog (8)]
  7446 | Lair:1   | Mangled by a blink frog

Vault maps used:
D:1:      saegor_arrival_simple_a, st_stairs_14, roderic_lattice_a
D:2:      nicolae_tso_swordbearing_angel, first_bread
D:4:      nicolae_dithmenos_through_a_glass_darkly, fedhas_altar_2, uniq_edmund
D:5:      minmay_temple_entry_crystal_x, serial_shops, nicolae_shop_stone,
          minmay_misc_feat_nine_boxes, uniq_crazy_yiuf_cottage
D:6:      uniq_duvessa, uniq_eustachio
D:7:      grunt_temple_overflow_open, enter_ossuary_3
D:8:      erik_lair_dragon, blue_anna_alchemist, xom_teletrap_fun
Temple:   circular_temple_pool_12
Lair:1:   basic_altar, beast_lair_carwin_11
Ossuary:  ossuary_minmay_scorpions

Action                   |  1- 3 |  4- 6 |  7- 9 | 10-12 || total
-------------------------+-------+-------+-------+-------++-------
Melee: Unarmed           |    74 |   133 |   402 |    37 ||   646
 Abil: Evoke Berserk Rag |       |       |     1 |       ||     1
  Use: Scroll            |     7 |     6 |    10 |       ||    23
       Potion            |       |     3 |     5 |     2 ||    10
 Stab: Sleeping          |     5 |     2 |     3 |     2 ||    12
  Eat: Chunk             |    19 |    15 |    42 |     1 ||    77
